 Dungeon Crawl Stone Soup version 0.27.0-1-g7a089689b8 (webtiles) character file.

Game seed: 8067882012791529607

2902 mhtbhm the Cleaver (level 9, -8/81 HPs)
             Began as a Minotaur Berserker on July 31, 2021.
             Was an Elder of Trog.
             Mangled by an orc (17 damage)
             ... on level 7 of the Dungeon.
             The game lasted 00:07:02 (7735 turns).

mhtbhm the Cleaver (Minotaur Berserker)             Turns: 7735, Time: 00:07:03

Health: -8/81      AC: 18    Str: 25    XL:     9   Next: 49%
Magic:  8/8        EV:  8    Int:  4    God:    Trog [****..]
Gold:   347        SH:  0    Dex: 10    Spells: 8/8 levels left

rFire    + . .     SeeInvis .   a - +0 broad axe
rCold    . . .     Faith    .   (no shield)
rNeg     + . .     Spirit   .   b - +2 plate armour {rF+}
rPois    .         Reflect  .   j - +0 hat
rElec    .         Harm     .   m - +2 cloak
rCorr    .         Rampage  .   (no gloves)
Will     +....                  (no boots)
Stlth    ..........             w - amulet of magic regeneration
HPRegen  0.23/turn              l - ring of positive energy
MPRegen  0.36/turn              u - ring of willpower

@: on berserk cooldown, slowed, studying Axes, very slow
A: horns 2, retaliatory headbutt
a: Renounce Religion, Berserk, Trog's Hand, Brothers in Arms


You were on level 7 of the Dungeon.
You worshipped Trog.
Trog was greatly pleased with you.
You visited 1 branch of the dungeon, and saw 7 of its levels.

You collected 347 gold pieces.

Inventory:

Hand Weapons
 a - a +0 broad axe (weapon)
Armour
 b - a +2 plate armour of fire resistance (worn)
 j - a +0 hat (worn)
 m - a +2 cloak (worn)
Jewellery
 l - a ring of positive energy (left hand)
 u - a ring of willpower (right hand)
 w - an amulet of magic regeneration (around neck)
Wands
 i - a wand of paralysis (2)
 n - a wand of charming (8)
 v - a wand of flame (32)
Scrolls
 f - 2 scrolls of fog
 h - a scroll of immolation
Potions
 c - a potion of might
 d - 2 potions of curing
 e - a potion of heal wounds
 g - 6 potions of brilliance {unknown}
 o - a potion of flight {unknown}
 p - a potion of lignification {unknown}


   Skills:
 + Level 8.2 Fighting
 + Level 12.0 Axes
 + Level 7.9 Armour
 + Level 3.8 Dodging
 - Level 0.1 Stealth


You had 8 spell levels left.
You didn't know any spells.
Your spell library was empty.

Dungeon Overview and Level Annotations

Branches:
Dungeon (7/15)             Temple (0/1) D:6

Altars:
Makhleb
Nemelex Xobeh
Ru
Vehumet
Yredelemnul

Shops:
D:1 [   D:3 [   D:6 (


Innate Abilities, Weirdness & Mutations

You have a pair of horns on your head.
You reflexively headbutt those who attack you in melee.


Message History

You feel very sick. The gnoll hits you but does no damage.
You see here a +0 club.
You hit the gnoll.
The gnoll is moderately wounded.
You feel very sick. The gnoll hits you with a +0 spear.
You barely miss the gnoll. You headbutt the gnoll!
You kill the gnoll!
Trog accepts your kill.
You feel very sick.
You feel very sick.
You see here a +0 spear.
You feel a strong urge to attack something.
You feel sick.
You see here a +0 club.
You are no longer berserk.
You are exhausted.
You feel yourself slow down.
You feel sick.
You feel very sick.
You feel sick.
There is a radiant altar of Vehumet here.
You feel sick.
You feel sick.
You feel sick.
An orc comes into view.
It is wielding the +10 hand axe of Acviaf {elec, rCorr Str-2 Int+4 Dex+3}.
Aiming: Paralyse
Press: ? - help, Shift-Dir - straight line, f - orc
Aim: an orc, wielding the +10 hand axe of Acviaf {elec, rCorr Str-2 Int+4 Dex+3} and wearing a +0 ring mail (wandering, hasn't noticed you, chance to affect: 63%)
The orc shouts!
The orc resists with significant effort.
You hear the creaking of a portcullis very nearby.
You feel sick.
You are no longer poisoned.
Aiming: Paralyse
Press: ? - help, Shift-Dir - straight line, f/p - orc
Aim: an orc, wielding the +10 hand axe of Acviaf {elec, rCorr Str-2 Int+4 Dex+3} and wearing a +0 ring mail (chance to affect: 63%)
The orc resists with significant effort.
The orc hits you but does no damage.
You are electrocuted!
You die...

. # .. #. ...
##.######....
#............
#. #.@o# .##
#.###.###..##
#..#...#.....
#...._....###
#..#...#.......
#.###.###.#....
#..#)))#..#...
#....)....#.#
#.##.)......+


You could see an orc.

Vanquished Creatures
  Pikel (D:5)
  3 steam dragons
  Duvessa (D:6)
  2 black bears (D:7)
  An ice beast (D:6)
  A necrophage (D:6)
  3 ogres
  Blork the orc (D:5)
  A gnoll sergeant (D:7)
  3 scorpions
  Dowan (D:6)
  2 wyvern skeletons (D:6)
  3 killer bees (D:7)
  A bullfrog zombie (D:6)
  A centaur zombie (D:7)
  Crazy Yiuf (D:6)
  4 bullfrog skeletons
  An orc priest (D:6)
  2 hounds
  3 centaur skeletons
  5 iguanas
  2 orc wizards (D:5)
  A hound skeleton (D:5)
  10 gnolls
  2 adders
  A howler monkey skeleton (D:7)
  An ufetubus (D:5)
  An adder skeleton (D:4)
  3 worms
  12 orcs
  12 bats
  11 endoplasms
  2 giant cockroaches
  10 hobgoblins
  6 jackals
  3 quokkas
  10 ball pythons
  3 frilled lizards (D:2)
  11 goblins
  7 kobolds
  7 rats
156 creatures vanquished.

Vanquished Creatures (others)
  A fungus (D:5)
1 creature vanquished.

Grand Total: 157 creatures vanquished

Notes
Turn   | Place    | Note
-------+----------+-------------------------------------------
     0 | D:1      | mhtbhm the Minotaur Berserker began the quest for the Orb.
     0 | D:1      | Reached XP level 1. HP: 19/19 MP: 0/0
   383 | D:1      | Reached skill level 4 in Axes
   383 | D:1      | Reached XP level 2. HP: 25/27 MP: 1/1
   706 | D:1      | Found a faded altar of an unknown god.
   729 | D:1      | Reached ** piety under Trog
   742 | D:1      | Reached XP level 3. HP: 28/34 MP: 2/2
   831 | D:1      | Found Pod Gyek's Antique Armour Boutique.
  1481 | D:2      | Reached skill level 5 in Axes
  1481 | D:2      | Reached XP level 4. HP: 12/41 MP: 3/3
  2924 | D:3      | Found Fusab's Antique Armour Boutique.
  2986 | D:3      | Reached XP level 5. HP: 43/47 MP: 4/4
  3388 | D:3      | Reached *** piety under Trog
  3469 | D:3      | Found a sparkling altar of Nemelex Xobeh.
  3744 | D:4      | Reached skill level 5 in Fighting
  3784 | D:4      | Noticed a steam dragon
  3793 | D:4      | Killed a steam dragon
  3794 | D:4      | Reached skill level 6 in Axes
  3794 | D:4      | Reached XP level 6. HP: 44/56 MP: 5/5
  4672 | D:5      | Entered Level 5 of the Dungeon
  4780 | D:5      | Noticed Pikel
  4780 | D:5      | Noticed a steam dragon
  4781 | D:5      | Noticed a steam dragon
  4787 | D:5      | Killed Pikel
  4788 | D:5      | Reached skill level 7 in Axes
  4788 | D:5      | Reached skill level 5 in Armour
  4788 | D:5      | Reached XP level 7. HP: 63/63 MP: 6/6
  4796 | D:5      | Killed a steam dragon
  4797 | D:5      | Reached skill level 8 in Axes
  4799 | D:5      | Killed a steam dragon
  4800 | D:5      | Reached XP level 8. HP: 40/71 MP: 7/7
  5215 | D:5      | Reached skill level 9 in Axes
  5378 | D:5      | Noticed Blork the orc
  5386 | D:5      | Killed Blork the orc
  6123 | D:6      | Found a staircase to the Ecumenical Temple.
  6242 | D:6      | Found a sacrificial altar of Ru.
  6310 | D:6      | Reached skill level 10 in Axes
  6357 | D:6      | Noticed Duvessa
  6359 | D:6      | Noticed Dowan
  6362 | D:6      | Killed Duvessa
  6372 | D:6      | Killed Dowan
  6546 | D:6      | Reached **** piety under Trog
  6553 | D:6      | Reached XP level 9. HP: 70/79 MP: 8/8
  6632 | D:6      | Found a basalt altar of Yredelemnul.
  6678 | D:6      | Found a runed translucent door.
  6679 | D:6      | Noticed Crazy Yiuf
  6839 | D:6      | Found Plog's Antique Weapon Shop.
  6914 | D:6      | Reached skill level 11 in Axes
  7418 | D:6      | Killed Crazy Yiuf
  7498 | D:7      | Identified a scroll of acquirement
  7498 | D:7      | Acquired a manual of Axes
  7570 | D:7      | Found a burning altar of Makhleb.
  7705 | D:7      | Found a radiant altar of Vehumet.
  7723 | D:7      | Reached skill level 12 in Axes
  7733 | D:7      | Identified the +10 hand axe of Acviaf {elec, rCorr Str-2
                  | Int+4 Dex+3}
  7735 | D:7      | Mangled by an orc

Illustrated notes

Levels and vault maps discovered:
D:1:      giann_forest_graveyard, layout_basic, serial_shops, shop_fountains,
          serial_rivers, chequers_serial_rivers_micro_a,
          chequers_serial_rivers_room_a, chequers_serial_rivers_micro_e,
          chequers_serial_rivers_marsh, chequers_serial_rivers_micro_e,
          ebering_ecumenical_altar_mist, hangedman_decor_points
D:2:      layout_basic, minmay_misc_feat_doors, dk_noncrumbling_2, minmay_vboxes
D:3:      layout_loops_cross, lemuel_round_altar, serial_shops, shop,
          dk_vineyard_2
D:4:      layout_cave_pods
D:5:      kennysheep_steamy, layout_basic, uniq_blork_the_orc, uniq_pikel
D:6:      layout_loops_corners, nicolae_ru_awakened_eye, kennysheep_little_box,
          minmay_temple_entry_sparse_star, serial_shops, kennysheep_mini,
          kennysheep_generic_room_15, uniq_crazy_yiuf_cottage, uniq_duvessa
D:7:      layout_basic, lightli_temple_of_fire,
          worldfamousw_hep_ancestral_shrine, vehumet_crystals, enter_bailey_2,
          minmay_between

Skill      XL: |  1  2  3  4  5  6  7  8  9 |
---------------+----------------------------+-----
Axes           | 4 5 6 7 8 10 12 | 12.0
Fighting       | 4 5 6 7 8 |  8.2
Dodging        | 3 |  3.8
Armour         | 3 5 7 |  7.9
Stealth        | |  0.1

Action                   |  1- 3 |  4- 6 |  7- 9 || total
-------------------------+-------+-------+-------++-------
Melee: Hand axe          |    92 |   143 |    26 ||   261
       Headbutt          |    14 |    18 |    36 ||    68
       Broad axe         |       |       |   131 ||   131
Invok: Berserk           |     1 |     4 |     2 ||     7
Evoke: Wand              |       |       |     2 ||     2
  Use: Scroll            |       |     2 |     9 ||    11
       Potion            |       |       |     1 ||     1
Armor: Animal skin       |    19 |     3 |       ||    22
       Plate armour      |       |    57 |   123 ||   180
Dodge: Dodged            |    62 |    59 |    79 ||   200
